 Dungeon Crawl Stone Soup version 0.21-a0-154-gb5400c9 (webtiles) character file.

3874 Lunath the Severer (level 10, -3/77 HPs)
             Began as a Minotaur Fighter on Aug 2, 2017.
             Was a Believer of Trog.
             Slain by a freezing wraith (6 damage)
             ... led by a death knight
             ... on level 8 of the Dungeon.
             The game lasted 00:11:04 (5815 turns).

Lunath the Severer (Minotaur Fighter)               Turns: 5815, Time: 00:11:04

Health: -3/77      AC: 21    Str: 20    XL:     10   Next: 0%
Magic:  9/9        EV:  5    Int:  5    God:    Trog [**....]
Gold:   480        SH:  5    Dex: 14    Spells: 9/9 levels left

rFire    . . .     SeeInvis .   a - +1 war axe
rCold    + . .     Gourm    .   b - +0 buckler {rC+}
rNeg     . . .     Faith    .   B - +0 plate armour
rPois    +         Spirit   .   (helmet restricted)
rElec    .         Reflect  .   x - +0 cloak
rCorr    .         Harm     .   l - +1 pair of gloves
MR       .....                  n - +0 pair of boots
Stlth    ..........             (no amulet)
HPRegen  0.22/turn              k - ring of poison resistance
MPRegen  0.11/turn              j - +5 ring of protection

@: berserk cooldown, slowed, very slow
A: retaliatory headbutt, horns 2
a: Berserk, Trog's Hand, Burn Spellbooks, Renounce Religion


You were on level 8 of the Dungeon.
You worshipped Trog.
Trog was pleased with you.
You were hungry.

You visited 2 branches of the dungeon, and saw 9 of its levels.

You collected 480 gold pieces.

Inventory:

Hand Weapons
 a - a +1 war axe (weapon)
Armour
 b - a +0 buckler of cold resistance (worn)
 c - a +0 shield
 l - a +1 pair of gloves (worn)
 n - a +0 pair of boots (worn)
 x - a +0 cloak (worn)
 B - a +0 plate armour (worn)
Jewellery
 j - a +5 ring of protection (right hand)
 k - a ring of poison resistance (left hand)
 w - an uncursed ring of flight
Wands
 y - a wand of random effects (19/48)
Scrolls
 e - a scroll of recharging
 g - a scroll of enchant weapon
 h - 6 scrolls of identify
 i - a scroll of enchant armour
 p - a scroll of amnesia
 q - 3 scrolls of remove curse
 s - a scroll of immolation {unknown}
 v - a scroll of magic mapping
 C - a scroll of holy word {unknown}
Potions
 d - 2 potions of might
 m - 9 potions of curing
 r - a potion of heal wounds {unknown}
 t - a potion of haste {unknown}
 u - 2 potions of flight {unknown}
Comestibles
 f - 5 bread rations
 o - 2 royal jellies
 z - 4 meat rations
 A - 2 chunks of flesh


   Skills:
 - Level 3.6 Fighting
 * Level 16.1 Axes
 - Level 3.6 Armour
 - Level 3.6 Shields


You had 9 spell levels left.
You didn't know any spells.

Dungeon Overview and Level Annotations

Branches:
Dungeon (8/15)             Temple (1/1) D:4
   Lair: D:8-11

Altars:
Ashenzari
Cheibriados
Dithmenos
Elyvilon
Fedhas
Gozag
Hepliaklqana
Kikubaaqudgha
Makhleb
Nemelex Xobeh
Okawaru
Qazlal
Ru
Sif Muna
Trog
Uskayaw
Vehumet
Wu Jian
Xom
Yredelemnul
Zin
The Shining One


Innate Abilities, Weirdness & Mutations

You reflexively headbutt those who attack you in melee.
You have a pair of horns on your head.


Message History

Trog accepts your kill.
You have reached level 10!
Your plate armour prevents you from hitting the freezing wraith.
You headbutt the freezing wraith, but do no damage.
You block the freezing wraith's attack. The freezing wraith barely misses you.
You hit the freezing wraith but do no damage.
You closely miss the freezing wraith. The freezing wraith closely misses you.
The freezing wraith hits you but does no damage.
You closely miss the freezing wraith.
Your headbutt misses the freezing wraith.
You are no longer berserk.
You are exhausted.
You feel as though you will be slow longer.
The freezing wraith hits you but does no damage.
The freezing wraith hits you.
* * * LOW HITPOINT WARNING * * *
You hit the freezing wraith but do no damage.
The freezing wraith hits you but does no damage.
The freezing wraith hits you.
You die...

#### ...###
. ..# #.#.#
##.#.#####
#....W@..#
.....#.###.#
#.......#
#.#
..$.....#
#.#
#....##.#
#.#######
#..## #.#
#.......# #<
#.#
#######.# #
...
#...†...#
...
#.####..#


You could see a freezing wraith.

Vanquished Creatures
  A death knight (D:8)
  3 wraiths (D:8)
  Duvessa (D:7)
  An orc warrior (D:7)
  3 sky beasts
  4 ogres
  2 phantoms
  A necrophage (D:7)
  A centaur (D:5)
  A big kobold (D:7)
  A bullfrog (D:7)
  Dowan (D:7)
  A scorpion (D:5)
  6 killer bees (D:7)
  5 howler monkeys
  2 crimson imps
  A centaur zombie (D:6)
  A jelly (D:7)
  A quasit (D:6)
  Crazy Yiuf (D:4)
  3 orc priests
  A gnoll shaman (D:6)
  3 hounds (D:7)
  7 orc wizards
  3 worker ants
  A hound skeleton (D:4)
  2 worker ant zombies
  8 gnolls
  10 adders
  An adder zombie (D:7)
  2 worms
  2 dart slugs
  3 leopard geckos
  11 orcs
  3 ball pythons
  7 giant cockroaches
  3 goblins
  10 hobgoblins
  14 jackals
  11 kobolds
  5 quokkas
  5 frilled lizards
  3 leopard gecko skeletons
  A quokka zombie (D:7)
  12 rats
169 creatures vanquished.

Notes
Turn   | Place    | Note
-------+----------+-------------------------------------------
     0 | D:1      | Lunath the Minotaur Fighter began the quest for the Orb.
     0 | D:1      | Reached XP level 1. HP: 19/19 MP: 0/0
   105 | D:1      | Reached skill level 3 in Axes
   134 | D:1      | Reached XP level 2. HP: 26/26 MP: 1/1
   376 | D:1      | Reached skill level 4 in Axes
   674 | D:2      | Reached XP level 3. HP: 31/31 MP: 2/2
   959 | D:2      | Reached skill level 5 in Axes
  1039 | D:2      | Reached XP level 4. HP: 23/39 MP: 3/3
  1453 | D:3      | Reached skill level 6 in Axes
  1578 | D:3      | Reached XP level 5. HP: 35/45 MP: 4/4
  1883 | D:3      | Reached skill level 7 in Axes
  2393 | D:4      | Found a runed door.
  2638 | D:3      | Reached XP level 6. HP: 33/51 MP: 5/5
  2799 | D:4      | Reached skill level 8 in Axes
  3445 | D:4      | Found a staircase to the Ecumenical Temple.
  3453 | Temple   | Entered the Ecumenical Temple
  3606 | Temple   | Became a worshipper of Trog the Wrathful
  3846 | D:4      | Noticed Crazy Yiuf
  3853 | D:4      | Killed Crazy Yiuf
  3878 | D:5      | Entered Level 5 of the Dungeon
  3898 | D:5      | Found a bloodstained altar of Trog.
  3941 | D:5      | Reached skill level 9 in Axes
  3941 | D:5      | Reached XP level 7. HP: 47/57 MP: 6/6
  4064 | D:5      | Reached skill level 10 in Axes
  4369 | D:5      | Identified a scroll of acquirement
  4477 | D:6      | Reached skill level 11 in Axes
  4486 | D:6      | Reached XP level 8. HP: 57/64 MP: 7/7
  4657 | D:6      | Found a burning altar of Makhleb.
  4917 | D:7      | Reached skill level 12 in Axes
  4921 | D:7      | Reached * piety under Trog
  5050 | D:7      | Noticed Duvessa
  5051 | D:7      | Noticed Dowan
  5060 | D:7      | Killed Duvessa
  5072 | D:7      | Killed Dowan
  5092 | D:7      | Reached skill level 13 in Axes
  5153 | D:7      | Reached XP level 9. HP: 70/70 MP: 8/8
  5210 | D:7      | Reached skill level 14 in Axes
  5261 | D:7      | Reached ** piety under Trog
  5787 | D:8      | Noticed a death knight
  5788 | D:8      | Noticed a freezing wraith
  5793 | D:8      | Reached skill level 15 in Axes
  5803 | D:8      | HP: 5/105 [death knight/enchanted great sword (10)]
  5805 | D:8      | Killed a death knight
  5805 | D:8      | Reached skill level 16 in Axes
  5810 | D:8      | Reached XP level 10. HP: 7/77 MP: 9/9
  5814 | D:8      | HP: 3/77 [freezing wraith[a death knight] (3)]
  5815 | D:8      | Slain by a freezing wraith

Vault maps used:
D:1:      eino_arrival_water_cross, serial_park_tiny_1
D:2:      minmay_misc_feat_rows
D:3:      first_bread
D:4:      minmay_temple_entry_fiery, uniq_crazy_yiuf_cottage
D:5:      trog_three_pillars_becter
D:6:      kennysheep_mini_moat
D:7:      uniq_duvessa
Temple:   kilobyte_greek_temple

Skill      XL: |  1  2  3  4  5  6  7  8  9 |
---------------+----------------------------+-----
Axes           | 3 4 5 6 7 9 11 13 16 | 16.1
Fighting       | |  3.6
Armour         | |  3.6
Shields        | |  3.6

Action                   |  1- 3 |  4- 6 |  7- 9 | 10-12 || total
-------------------------+-------+-------+-------+-------++-------
Melee: War axe           |    73 |   176 |   243 |     5 ||   497
       Headbutt          |    11 |    23 |    56 |     1 ||    91
Invok: Burn Spellbooks   |       |     1 |       |       ||     1
       Berserk           |       |       |     4 |       ||     4
  Use: Scroll            |     3 |       |    10 |       ||    13
       Potion            |       |     1 |       |       ||     1
  Eat: Chunk             |       |     8 |    11 |       ||    19
Armor: Scale mail        |    13 |       |       |       ||    13
       Chain mail        |    22 |    78 |    62 |       ||   162
       Plate armour      |       |       |    58 |     3 ||    61
Dodge: Dodged            |    13 |    39 |    48 |     2 ||   102
Block: Shield            |    33 |    77 |    15 |       ||   125
       Buckler           |       |       |    36 |     1 ||    37
